 Dungeon Crawl Stone Soup version 0.24-a0-307-gf989941d98 (webtiles) character file.

Game seed: 7025301102978996368

35000 HAL9000 the Unseen (level 13, 0/63 HPs)
             Began as a Vine Stalker Enchanter on May 12, 2019.
             Was a Priest of Dithmenos.
             Slain by a sun demon (9 damage)
             ... on level 6 of the Lair of Beasts.
             The game lasted 01:00:11 (20875 turns).

HAL9000 the Unseen (Vine Stalker Enchanter)        Turns: 20875, Time: 01:00:12

Health: 0/63       AC:  8    Str: 11    XL:     13   Next: 81%
Magic:  0/17       EV: 14    Int: 16    God:    Dithmenos [***...]
Gold:   1056       SH:  0    Dex: 19    Spells: 6/17 levels left

rFire    + . .     SeeInvis .   P - +4 dagger (pain)
rCold    . . .     Gourm    .   (no shield)
rNeg     . . .     Faith    .   N - +2 robe "Pohygana" {rPois}
rPois    +         Spirit   +   T - +1 helmet
rElec    .         Reflect  .   s - +1 cloak
rCorr    .         Harm     .   (no gloves)
MR       +....                  (no boots)
Stlth    +++++++++.             (no amulet)
HPRegen  1.00/turn              f - ring of wizardry
MPRegen  0.15/turn              i - ring of protection from fire

@: about to teleport, wreathed by umbra
A: fangs 3, regeneration 2, magic shield, antimagic bite, no potion heal 3, rot
immunity
a: Shadow Step, Renounce Religion


You were on level 6 of the Lair of Beasts.
You worshipped Dithmenos.
Dithmenos was most pleased with you.
You were not hungry.

You visited 3 branches of the dungeon, and saw 17 of its levels.

You collected 1056 gold pieces.

Inventory:

Hand Weapons
 P - a +4 dagger of pain (weapon)
Missiles
 b - 4 boomerangs
 J - 5 atropa-tipped darts (quivered)
 Q - 2 javelins
 R - 17 poisoned darts
Armour
 n - a scarf of cloud immunity
 s - a +1 cloak (worn)
 N - the +2 robe "Pohygana" (worn) {rPois}
   (You found it on level 10 of the Dungeon)

   It protects you from poison.
 T - a +1 helmet (worn)
Jewellery
 f - a ring of wizardry (left hand)
 i - a ring of protection from fire (right hand)
 o - an uncursed ring of resist corrosion
 C - an uncursed amulet of faith
Wands
 u - a wand of random effects (18)
 v - a wand of iceblast (11)
 z - a wand of clouds (5)
 E - a wand of acid (7)
 I - a wand of paralysis (12)
 O - a wand of digging (5)
 U - a wand of polymorph (6)
Scrolls
 c - 3 scrolls of amnesia {unknown}
 e - a scroll of fog {unknown}
 g - a scroll of random uselessness {unknown}
 k - 3 scrolls of blinking
 l - 9 scrolls of remove curse
 p - 2 scrolls of magic mapping {unknown}
 y - a scroll of teleportation
 A - 4 scrolls of enchant armour
 D - 3 scrolls of noise {unknown}
 G - a scroll of torment {unknown}
 K - a scroll of immolation {unknown}
 S - a scroll of enchant weapon {unknown}
Potions
 a - 2 potions of invisibility {unknown}
 h - 2 potions of degeneration {unknown}
 j - 11 potions of curing
 m - a potion of agility
 q - 2 potions of flight
 r - 3 potions of mutation
 t - 3 potions of haste
 w - a potion of berserk rage
 x - 3 potions of brilliance
 B - 2 potions of cancellation {unknown}
 F - a potion of resistance {unknown}
 M - a potion of ambrosia {unknown}
Comestibles
 d - 28 rations


   Skills:
 - Level 5.0 Fighting
 - Level 10.2 Short Blades
 * Level 2.8 Dodging
 + Level 19.4 Stealth
 - Level 2.6 Spellcasting
 - Level 10.2 Hexes
 - Level 4.1 Charms
 - Level 3.0 Evocations


You had 6 spell levels left.
You knew the following spells:

 Your Spells              Type           Power        Failure   Level  Hunger
a - Corona                Hex            ####...      1%          1    #......
b - Ensorcelled Hibernat  Hex/Ice        ###...       1%          2    ##.....
c - Confuse               Hex            ####....     1%          3    ###....
d - Tukima's Dance        Hex            ####....     1%          3    ###....
e - Swiftness             Chrm/Air       #.......     5%          2    ##.....

Your spell library contained the following spells:

 Spells                   Type           Power        Failure   Level  Hunger
 Slow                     Hex            ####....     1%          2    ##.....
 Dazzling Spray           Conj/Hex       ###...       2%          3    ###....
 Inner Flame              Hex/Fire       ###.....     2%          3    ###....
 Shroud of Golubria       Chrm/Tloc      #.........   5%          2    ##.....
 Flame Tongue             Conj/Fire      #....        9%          1    #......
 Magic Dart               Conj           #...         9%          1    #......
 Shock                    Conj/Air       #...         9%          1    #......
 Blink                    Tloc           N/A          12%         2    ##.....
 Call Imp                 Summ           #.......     12%         2    ##.....
 Throw Flame              Conj/Fire      #.....       12%         2    ##.....
 Conjure Flame            Conj/Fire      #.......     24%         3    ###....
 Gell's Gravitas          Tloc           #.........   24%         3    ###....
 Lesser Beckoning         Tloc           #.........   24%         3    ###....
 Mephitic Cloud           Conj/Pois/Air  #.......     24%         3    ###....
 Static Discharge         Conj/Air       #.......     24%         3    ###....
 Teleport Other           Tloc           #.......     24%         3    ###....
 Airstrike                Air            #.........   58%         4    #####..
 Passage of Golubria      Tloc           N/A          58%         4    #####..
 Sticky Flame             Conj/Fire      #.......     58%         4    #####..
 Fireball                 Conj/Fire      #.........   89%         5    ######.
 Lightning Bolt           Conj/Air       #.........   89%         5    ######.


Dungeon Overview and Level Annotations

Branches:
Dungeon (10/15)            Temple (1/1) D:6            Lair (6/6) D:10
  Swamp (0/4) Lair:3       Spider (0/4) Lair:3        Slime (0/5) Lair:6
    Orc (0/2) D:10

Altars:
Ashenzari
Cheibriados
Dithmenos
Elyvilon
Fedhas
Gozag
Hepliaklqana
Kikubaaqudgha
Makhleb
Nemelex Xobeh
Okawaru
Qazlal
Ru
Sif Muna
Trog
Uskayaw
Vehumet
Wu Jian
Xom
Yredelemnul
Zin
The Shining One
Jiyva

Shops:
D:4 }

Annotations:
Lair:2 exclusion: oklob plant
Lair:4 exclusion: oklob plant


Innate Abilities, Weirdness & Mutations

You have razor-sharp teeth.
You heal very quickly.
When hurt, damage is shared between your health and your magic reserves.
Your bite disrupts and absorbs the magic of your enemies.
Potions cannot restore your health.
You are immune to rotting.


Message History

Confirm with . or Enter, or press ? or * to list all spells.
Aiming: Confuse (safe; 1% risk of failure)
Press: ? - help, Shift-Dir - straight line, f - sun demon
Aim: a sun demon (umbra, chance to defeat MR: 15%)
The sun demon resists with almost no effort.
The sun demon hits you.
You are engulfed in flames.
You resist. The sun demon hits you!!
* * * LOW HITPOINT WARNING * * *
You are engulfed in flames!
You resist.
* * * LOW HITPOINT WARNING * * *
Unknown command.
As you read the scroll of fear, it crumbles to dust.
You assume a fearsome visage.
The sun demon is unaffected.
The sun demon closely misses you.
Unknown command.
As you read the scroll of teleportation, it crumbles to dust.
You feel strangely unstable. The sun demon hits you.
* * * LOW HITPOINT WARNING * * *
You are engulfed in flames!
You resist.
You die...

♣♣♣..♣♣..♣♣♣ ♣♣
♣♣...♣♣♣♣♣..♣♣♣ .♣♣♣♣
♣♣♣♣...♣♣ ♣♣♣..♣♣
♣...♣♣♣....♣♣♣ ♣♣...♣♣
♣♣.......♣♣♣ ♣.....♣
♣♣.♣♣.♣♣♣ ######''#######
♣♣♣♣♣'#########.............#
♣#........#...8....8....#
#..8.8...@.............#
#...#.8.3############### ♣
#..#.8...# ..... ♣
#...8.#..#...... ♣
#..8.#...'...._. ♣
#...8.8..#.....4
#.......[#.....§ ##########
##≈≈≈ ≈≈


You could see a sun demon.

Vanquished Creatures
  6 hydras
  A centaur warrior (D:10)
  A two-headed ogre (D:9)
  A fire crab (Lair:3)
  A wizard (Lair:6)
  4 elephants
  5 black mambas
  13 spiny frogs
  A smoke demon (Lair:6)
  6 komodo dragons
  5 rime drakes
  An ice devil (Lair:6)
  2 red devils (Lair:6)
  A polar bear (Lair:4)
  8 blink frogs
  A hornet (D:7)
  A bog body (Lair:3)
  8 hippogriffs
  2 dream sheep (D:8)
  3 redbacks (Lair:3)
  34 yaks
  2 wyverns
  A basilisk (Lair:5)
  2 hungry ghosts
  11 water moccasins
  3 hell hounds (Lair:6)
  6 porcupines
  2 orc warriors
  3 ice beasts
  An eye of draining (D:10)
  A necrophage (D:7)
  A black bear (Lair:3)
  A phantom (D:9)
  2 sky beasts
  6 wolves
  9 ogres
  4 centaurs
  10 crocodiles
  4 big kobolds
  13 bullfrogs
  3 scorpions
  16 wights
  3 crimson imps
  A bullfrog zombie (D:8)
  2 jellies
  A bullfrog skeleton (D:4)
  2 centaur skeletons
  4 hounds
  Crazy Yiuf (D:3)
  3 orc priests
  2 hell rats
  An iguana (D:9)
  Ijyb (D:4)
  Terence (D:3)
  7 orc wizards
  Natasha (twice) (D:2)
  6 worker ants
  A worker ant zombie (D:7)
  3 gnolls (D:6)
  A howler monkey skeleton (D:5)
  8 river rats
  7 adders
  2 shadow imps
  2 adder zombies
  3 adder skeletons
  3 worms
  6 leopard geckos
  25 orcs
  6 giant cockroaches
  3 goblins (D:3)
  4 hobgoblins
  16 jackals
  13 kobolds
  3 quokkas
  4 ball pythons
  6 bats
  4 frilled lizards
  A giant cockroach zombie (D:6)
  A jackal skeleton (D:7)
  A leopard gecko zombie (D:8)
  8 rats
  A fungus (D:3)
375 creatures vanquished.

Vanquished Creatures (collateral kills)
  An orc warrior (D:6)
1 creature vanquished.

Vanquished Creatures (others)
  3 dancing weapons
  2 fungi
5 creatures vanquished.

Grand Total: 381 creatures vanquished

Notes
Turn   | Place    | Note
-------+----------+-------------------------------------------
     0 | D:1      | HAL9000 the Vine Stalker Enchanter began the quest for the
                  | Orb.
     0 | D:1      | Reached XP level 1. HP: 9/9 MP: 4/4
    72 | D:1      | Reached XP level 2. HP: 13/13 MP: 6/6
   361 | D:1      | Reached skill level 4 in Stealth
   456 | D:1      | Learned a level 2 spell: Ensorcelled Hibernation
   745 | D:2      | Reached skill level 1 in Short Blades
   750 | D:2      | Reached XP level 3. HP: 13/16 MP: 7/7
   818 | D:2      | Learned a level 3 spell: Confuse
  1030 | D:2      | Noticed Natasha
  1061 | D:2      | Killed Natasha
  1061 | D:2      | Gained mutation: Your natural rate of healing is unusually
                  | fast. [Vine Stalker growth]
  1061 | D:2      | Reached XP level 4. HP: 9/21 MP: 2/8
  1414 | D:2      | Noticed Natasha
  1428 | D:2      | Killed Natasha
  1847 | D:3      | Noticed Terence
  1891 | D:3      | Killed Terence
  1891 | D:3      | Reached skill level 1 in Fighting
  1891 | D:3      | Reached XP level 5. HP: 22/25 MP: 5/9
  2494 | D:3      | Found a runed translucent door.
  2495 | D:3      | Noticed Crazy Yiuf
  2502 | D:3      | Killed Crazy Yiuf
  2598 | D:4      | Reached XP level 6. HP: 30/30 MP: 10/10
  2680 | D:4      | Found Baec's Gadget Emporium.
  2694 | D:4      | Found a hide-covered altar of Uskayaw.
  2695 | D:4      | Noticed Ijyb
  2781 | D:4      | Killed Ijyb
  3086 | D:4      | Noticed a phantom
  3162 | D:3      | Reached XP level 7. HP: 33/33 MP: 7/11
  3229 | D:4      | Learned a level 3 spell: Tukima's Dance
  3551 | D:4      | Reached skill level 5 in Hexes
  3610 | D:5      | Entered Level 5 of the Dungeon
  4259 | D:5      | Reached skill level 5 in Short Blades
  4623 | D:5      | Gained mutation: You have razor-sharp teeth. [Vine Stalker
                  | growth]
  4623 | D:5      | Reached XP level 8. HP: 36/37 MP: 8/12
  5425 | D:6      | Found a staircase to the Ecumenical Temple.
  5574 | Temple   | Entered the Ecumenical Temple
  5818 | Temple   | Became a worshipper of Dithmenos the Shadowed
  6134 | D:7      | Noticed a hornet
  6146 | D:7      | Killed a hornet
  6146 | D:7      | Reached skill level 5 in Stealth
  6146 | D:7      | Reached XP level 9. HP: 19/41 MP: 8/13
  6263 | D:7      | Reached skill level 6 in Stealth
  6756 | D:7      | Reached skill level 7 in Stealth
  6990 | D:8      | Reached * piety under Dithmenos
  7066 | D:8      | Found a shimmering altar of Xom.
  7193 | D:8      | Reached skill level 8 in Stealth
  7288 | D:8      | Reached skill level 9 in Stealth
  7288 | D:8      | Reached XP level 10. HP: 39/45 MP: 5/14
  7406 | D:8      | Noticed a two-headed hydra
  7503 | D:7      | Killed a two-headed hydra
  7503 | D:7      | Reached skill level 10 in Stealth
  7641 | D:8      | Found a sacrificial altar of Ru.
  7643 | D:8      | Found a white marble altar of Elyvilon.
  8381 | D:9      | Reached skill level 11 in Stealth
  8663 | D:9      | Reached ** piety under Dithmenos
  8815 | D:9      | Reached skill level 12 in Stealth
  8970 | D:10     | Entered Level 10 of the Dungeon
  8999 | D:10     | Noticed a two-headed ogre
  9161 | D:9      | HP: 1/45 [two-headed ogre/+0 giant club (9)]
  9633 | D:10     | Noticed a centaur warrior
  9741 | D:10     | Reached XP level 11. HP: 49/49 MP: 15/15
  9770 | D:10     | Reached skill level 10 in Short Blades
  9809 | D:10     | Reached skill level 13 in Stealth
 10043 | D:9      | Killed a two-headed ogre
 10360 | D:10     | Killed a centaur warrior
 10391 | D:10     | Reached skill level 14 in Stealth
 10446 | D:10     | Got a dull robe
 10461 | D:10     | Identified the +2 robe "Pohygana" {rPois} (You found it on
                  | level 10 of the Dungeon)
 10477 | D:10     | Found a staircase to the Orcish Mines.
 10545 | D:10     | Reached *** piety under Dithmenos
 10673 | D:10     | Found a staircase to the Lair.
 10843 | Lair:1   | Entered Level 1 of the Lair of Beasts
 10878 | Lair:1   | Learned a level 2 spell: Swiftness
 11040 | Lair:1   | Noticed a four-headed hydra
 11055 | Lair:1   | Killed a four-headed hydra
 11055 | Lair:1   | Reached skill level 15 in Stealth
 11055 | Lair:1   | Reached skill level 1 in Charms
 12274 | Lair:1   | Reached skill level 16 in Stealth
 12583 | Lair:2   | Noticed an oklob plant
 12665 | Lair:1   | Gained mutation: You heal very quickly. [Vine Stalker
                  | growth]
 12665 | Lair:1   | Reached XP level 12. HP: 19/56 MP: 0/16
 13100 | Lair:2   | Reached **** piety under Dithmenos
 13731 | Lair:3   | Found a hole to the Spider Nest.
 14268 | Lair:3   | Found a staircase to the Swamp.
 15196 | Lair:4   | Reached skill level 10 in Hexes
 15216 | Lair:4   | HP: 2/58 [porcupine's spines (5)]
 15758 | Lair:4   | Reached skill level 5 in Fighting
 16223 | Lair:4   | Reached skill level 17 in Stealth
 16770 | Lair:4   | Reached XP level 13. HP: 63/63 MP: 10/17
 17296 | Lair:4   | Reached skill level 1 in Evocations
 17579 | Lair:5   | Reached ***** piety under Dithmenos
 18487 | Lair:6   | Entered Level 6 of the Lair of Beasts
 18562 | Lair:6   | Reached skill level 18 in Stealth
 19015 | Lair:6   | Found a viscous altar of Jiyva.
 19205 | Lair:6   | Found a staircase to the Slime Pits.
 19666 | Lair:6   | Reached skill level 19 in Stealth
 19719 | Lair:6   | Found a burning altar of Makhleb.
 20875 | Lair:6   | Slain by a sun demon

Levels and vault maps discovered:
D:1:      wander_arrival_peaceful_grave, layout_basic
D:2:      layout_loops_corners, first_ration, uniq_natasha
D:3:      layout_rooms, uniq_terence, uniq_crazy_yiuf_cottage
D:4:      layout_gridville, lemuel_crystal_altar, serial_shops, shop, uniq_ijyb
D:5:      layout_basic
D:6:      layout_gridville, minmay_temple_entry_drinking_statues
D:7:      layout_rooms, kennysheep_doodads
D:8:      layout_loops_ring, xom_teletrap_fun, minitemple, hangedman_ranch
          [blue_anna_fruit_fields]
D:9:      layout_basic
D:10:     layout_roguey, lair_entry_dummy, orc_0_dummy, grunt_decor_cap,
          hex_intersection, nicolae_twisting_strands, kennysheep_nub,
          st_stairs_5
Temple:   dpeg_five_rooms_temple
Lair:1:   layout_small_grid, st_stairs_7
Lair:2:   layout_misc_corridors, minmay_lair_oklob_chamber, serial_bayou_shore_b
Lair:3:   layout_cave_pods, skrybe_swamp_entry_bodies, spider_nest_entry_webs
Lair:4:   layout_hall_layers, beast_lair_carwin_11
Lair:5:   layout_hall_layers, chequers_serial_rivers_large_a,
          beast_lair_carwin_10
Lair:6:   evil_forest, layout_gridlike, slime_altar_1, serial_bayou_pond_d,
          chequers_serial_rivers_room_a, kennysheep_rathole

Skill      XL: |  1  2  3  4  5  6  7  8  9 10 11 12 13 |
---------------+----------------------------------------+-----
Stealth        | 4 5 9 12 16 17 19 | 19.4
Short Blades   | 1 2 3 4 5 6 8 9 10 | 10.2
Dodging        | 2 |  2.8
Fighting       | 1 2 5 |  5.0
Hexes          | 4 6 7 10 | 10.2
Charms         | 2 3 4 |  4.1
Evocations     | 3 |  3.0
Spellcasting   | |  2.6

Action                   |  1- 3 |  4- 6 |  7- 9 | 10-12 | 13-15 || total
-------------------------+-------+-------+-------+-------+-------++-------
Melee: Dagger            |    94 |   180 |   410 |   455 |   222 ||  1361
       Bite              |    15 |    46 |   106 |   140 |    64 ||   371
Throw: Dart              |       |       |       |     4 |     4 ||     8
 Cast: Confuse           |     3 |    20 |    71 |   197 |    91 ||   382
       Ensorcelled Hiber |       |       |     3 |    11 |     5 ||    19
       Tukima's Dance    |       |       |     4 |     1 |       ||     5
       Swiftness         |       |       |       |       |     4 ||     4
Invok: Shadow Step       |       |       |       |     1 |     3 ||     4
Evoke: Wand              |       |       |       |       |     1 ||     1
  Use: Scroll            |       |     1 |     3 |    10 |    10 ||    24
       Potion            |       |       |       |       |     1 ||     1
 Stab: Sleeping          |     8 |     9 |    16 |    48 |    26 ||   107
       Confused          |     1 |    12 |    34 |    83 |    36 ||   166
       Distracted        |       |       |     1 |     1 |       ||     2
  Eat: Chunk             |       |     9 |    15 |    45 |    15 ||    84
       Ration            |       |       |     2 |     2 |     3 ||     7
Armor: Robe              |    26 |    18 |    65 |    41 |    33 ||   183
Dodge: Dodged            |    74 |   104 |   204 |   228 |   154 ||   764

Table legend:
 A = Non-vault XP
 B = Vault XP
 C = Vault XP percentage of total XP
 D = Non-vault monster count
 E = Vault monster count
 F = Vault count percentage of total count
                 A         B        C        D         E       F
            +---------+---------+-------+---------+---------+-------
      Total |   35191 |   14810 |  29.6 |     312 |      63 |  16.8
            +---------+---------+-------+---------+---------+-------
        D:1 |      26 |       0 |   0.0 |      16 |       0 |   0.0
        D:2 |      70 |      28 |  28.6 |      18 |       1 |   5.3
        D:3 |     183 |      77 |  29.6 |      28 |       2 |   6.7
        D:4 |     272 |      36 |  11.7 |      14 |       1 |   6.7
        D:5 |     550 |       0 |   0.0 |      17 |       0 |   0.0
        D:6 |     793 |       0 |   0.0 |      23 |       0 |   0.0
        D:7 |    1398 |     930 |  39.9 |      17 |       1 |   5.6
        D:8 |    1012 |    1144 |  53.1 |      22 |       7 |  24.1
        D:9 |    2865 |       0 |   0.0 |      29 |       0 |   0.0
       D:10 |    2750 |     409 |  12.9 |      27 |       3 |  10.0
     Lair:1 |    4756 |     270 |   5.4 |      17 |       2 |  10.5
     Lair:2 |    3585 |       0 |   0.0 |      19 |       0 |   0.0
     Lair:3 |    5620 |     941 |  14.3 |      20 |       4 |  16.7
     Lair:4 |    4451 |    1201 |  21.2 |      19 |       4 |  17.4
     Lair:5 |    2226 |    1280 |  36.5 |      13 |      12 |  48.0
     Lair:6 |    4634 |    8494 |  64.7 |      13 |      26 |  66.7
            +---------+---------+-------+---------+---------+-------
